AoeStats
← [Massa] Edo

QS Arena

503522859Analyzed
2v2 RM · 1mo ago on Sep 1, 2026· 34m 30s· 4 players
Game mode
Random Map
Map size
Medium (4 player)
Population
200
Speed
Normal
Resources
Standard
Victory
Conquest
Starting age
Dark Age
Ending age
Imperial Age
RankedLock teamsTeams togetherTeam positionsShared explorationLock speedFull tech treeHidden civsTurbo modeCheats
Victory
Defeat
🇨🇱 Armenians · Chile
1496
+13
🇨🇱 Cumans · Chile
1496
+13
🇧🇷 Burmese · Brazil
1433
-13
🇮🇶 Japanese · Iraq
1406
-12
[Massa] Edo
8:36 Feudal Age
13:09 Castle Age
11:11 Horse Collar
12:15 Gold Mining
14:47 Husbandry
15:50 Bloodlines
18:03 Loom
22:03 Ballistics
25:44 Padded Archer Armor
26:43 Devotion
34:40 Wheelbarrow
36:58 Imperial Age
AO2 - PoP
8:20 Feudal Age
12:21 Castle Age
10:26 Double-Bit Axe
12:55 Loom
18:06 Stone Mining
20:53 Wheelbarrow
24:09 Horse Collar
29:32 Gold Mining
30:40 Forging
30:30 Scale Mail Armor
32:17 Iron Casting
31:20 Pikeman
32:44 Chain Mail Armor
32:31 Squires
34:26 Heavy Plow
Vaedal
7:14 Feudal Age
8:05 Double-Bit Axe
8:05 Horse Collar
8:08 Man-at-Arms
9:57 Long Swordsman
14:02 Scale Barding Armor
15:38 Loom
18:07 Castle Age
15:55 Loom
17:25 Wheelbarrow
17:13 Scale Mail Armor
17:56 Forging
19:47 Bow Saw
25:28 Sanctity
25:40 Heavy Plow
26:14 Sanctity
26:04 Fervor
26:21 Hand Cart
27:06 Chain Mail Armor
27:28 Fletching
32:40 Imperial Age
31:01 Ballistics
33:48 Block Printing
Feanor
7:16 Feudal Age
7:01 Loom
8:05 Double-Bit Axe
8:17 Horse Collar
20:14 Castle Age
18:53 Wheelbarrow
19:03 Wheelbarrow
18:34 Gold Mining
21:33 Bow Saw
24:17 Imperial Age
23:23 Gold Shaft Mining
23:04 Heavy Plow
24:05 Bloodlines
24:22 Scale Barding Armor
25:52 Chain Barding Armor
26:13 Forging
27:02 Conscription
27:24 Plate Barding Armor
28:33 Iron Casting
29:22 Elite Steppe Lancer
30:07 Capped Ram
32:06 Blast Furnace
35:19 Hand Cart
Connection lost

Rejoining the realm…

Still unreachable

The connection could not be restored.

Session expired

The server has moved on; the page needs a fresh start.